[Event "Titled Tuesday Blitz April 18 Late 2023"]
[White "Mackster23"]
[Black "Yarar, Bora"]
[BlackFideId "34588400"]
[WhiteElo "2429"]
[BlackElo "2273"]
[Result "0-1"]
[Round "03"]
[TimeControl "180+2"]
[Date "2023.04.18"]
[WhiteClock "0:00:03"]
[BlackClock "0:01:58"]

1. e4 e6 2. d4 d5 3. Nc3 Nf6 4. Bg5 Be7 5. e5 Nfd7 6. h4 O-O 7. Nh3 c5 8. Bxe7 Qxe7 9. Nb5 cxd4 10. Nc7 Qb4+ 11. Qd2 Qxb2 12. Rd1 Nxe5 13. Nxa8 Nbc6 14. Nc7 a6 15. Nf4 Qb6 16. Ncxd5 exd5 17. Bd3 Re8 18. O-O Qd8 19. Rde1 Qxh4 20. Nxd5 h6 21. Qf4 Qd8 22. Nb4 Nxb4 23. Rxe5 Be6 24. Qe4 g6 25. Re1 Nc6 26. Rc5 Bd7 27. Qxe8+ Bxe8 28. Bc4 Kg7 29. Rd5 Qc8 30. Bd3 Bd7 31. Rxd4 0-1


[Site "https://www.chess.com"]

[Event "Titled Tuesday Blitz April 18 Late 2023"]
[White "Tregubov, Pavel V."]
[Black "Urbina Perez, Juan Antonio"]
[WhiteFideId "4115341"]
[BlackFideId "2217368"]
[WhiteElo "2425"]
[BlackElo "2197"]
[Result "1-0"]
[Round "03"]
[TimeControl "180+2"]
[Date "2023.04.18"]
[WhiteClock "0:00:11"]
[BlackClock "0:00:04"]

1. e4 c5 2. Nf3 d6 3. Bb5+ Bd7 4. Bxd7+ Nxd7 5. O-O Ngf6 6. Re1 e6 7. c3 Be7 8. d3 O-O 9. Nbd2 Re8 10. d4 cxd4 11. cxd4 Rc8 12. e5 dxe5 13. dxe5 Nd5 14. Ne4 Nc5 15. Nxc5 Rxc5 16. a3 a6 17. Be3 Rc6 18. Bd4 Qd7 19. Qb3 Rec8 20. Rad1 h6 21. g3 Bc5 22. Kg2 Qc7 23. h4 Qb6 24. Qxb6 Bxb6 25. Re2 Bxd4 26. Nxd4 Rc1 27. Rxc1 Rxc1 28. Rc2 Rxc2 29. Nxc2 Kf8 30. Kf3 Ke7 31. Ke4 Kd7 32. Kd4 Kc6 33. a4 b5 34. a5 Ne7 35. g4 Nd5 36. h5 f6 37. exf6 gxf6 38. f3 Kd6 39. Ke4 Ke7 40. f4 Kd6 41. Nd4 Nb4 42. g5 fxg5 43. fxg5 hxg5 44. h6 Nd5 45. Nf3 Nf6+ 46. Kd4 Nh7 47. Nd2 g4 48. Ne4+ Kc6 49. Ke5 b4 50. Kxe6 Kb5 51. Kf7 g3 52. Nxg3 Ng5+ 53. Kg6 Ne6 54. Ne4 Nf8+ 55. Kf7 Nh7 56. Kg7 Kxa5 57. Kxh7 Ka4 58. Kg6 Kb3 59. h7 Kxb2 60. h8=Q+ Kb3 61. Nc5+ Kc4 62. Nxa6 1-0


[Site "https://www.chess.com"]

[Event "Titled Tuesday Blitz April 18 Late 2023"]
[White "Aranda Marin, Cristian"]
[Black "Aldokhin, Ivan"]
[WhiteFideId "2205513"]
[BlackFideId "24115720"]
[WhiteElo "2233"]
[BlackElo "2322"]
[Result "0-1"]
[Round "03"]
[TimeControl "180+2"]
[Date "2023.04.18"]
[WhiteClock "0:00:45"]
[BlackClock "0:00:10"]

1. c4 Nf6 2. g3 d5 3. cxd5 Nxd5 4. Bg2 e5 5. a3 Nc6 6. b4 g5 7. Bb2 Bg7 8. Nc3 Nde7 9. d3 Ng6 10. Rc1 O-O 11. Ne4 f5 12. Nc5 Kh8 13. e3 f4 14. Qh5 g4 15. Be4 Qf6 16. Ne2 Bf5 17. Bxf5 Qxf5 18. Qxf5 Rxf5 19. e4 Rf7 20. Nxb7 Nge7 21. gxf4 exf4 22. Bxg7+ Kxg7 23. Rg1 Ne5 24. Kd1 N7g6 25. d4 Nd3 26. Rxg4 Nxf2+ 27. Kd2 Nxg4 28. h3 Nf2 29. Nc3 f3 30. Nc5 Nxh3 31. Ne6+ Kh8 32. Rf1 f2 33. Nd5 c6 34. Ne3 Ngf4 35. Nc5 Rd8 36. Nf5 Rxf5 37. exf5 Nh5 38. Ne6 Rd5 39. Rc1 Ng3 40. Rxc6 Rd8 41. Rc1 f1=Q 42. Rxf1 Nxf1+ 43. Ke1 Rd5 44. Kxf1 Rxf5+ 45. Ke2 Nf4+ 46. Nxf4 Rxf4 47. Ke3 Rf7 48. Ke4 h5 49. d5 h4 50. Ke5 h3 51. Ke6 Rf1 0-1


[Site "https://www.chess.com"]

[Event "Titled Tuesday Blitz April 18 Late 2023"]
[White "Wieczorek, Oskar"]
[Black "mrithyunjay"]
[WhiteFideId "1133950"]
[WhiteElo "2418"]
[BlackElo "2415"]
[Result "0-1"]
[Round "03"]
[TimeControl "180+2"]
[Date "2023.04.18"]
[WhiteClock "0:00:39"]
[BlackClock "0:01:16"]

1. e4 c5 2. Nf3 d6 3. d4 cxd4 4. Nxd4 Nf6 5. Nc3 a6 6. f4 e5 7. Nf3 Nbd7 8. a4 Be7 9. Bd3 O-O 10. O-O b6 11. Kh1 Bb7 12. fxe5 Nxe5 13. Bg5 h6 14. Bf4 Qc7 15. Nd4 Rfd8 16. Nf5 Bf8 17. Bxe5 dxe5 18. Nxh6+ Kh8 19. Rxf6 gxf6 20. Nf5 Bc8 21. Qh5+ Kg8 22. Qg4+ Kh8 23. Rf1 Bxf5 24. Rxf5 Bg7 25. Nd5 Rxd5 26. exd5 Qc5 27. Rh5+ Kg8 28. Rh7 Qf8 29. Qh3 Qc8 30. Bf5 Qc4 31. Bd3 Qxa4 32. g3 e4 33. Rxg7+ Kxg7 34. Qg4+ Kf8 35. Bxe4 Re8 0-1


[Site "https://www.chess.com"]

[Event "Titled Tuesday Blitz April 18 Late 2023"]
[White "Papayan, Oleg"]
[Black "Sieciechowicz, Marcin"]
[WhiteFideId "4193911"]
[BlackFideId "1130170"]
[WhiteElo "2153"]
[BlackElo "2302"]
[Result "0-1"]
[Round "03"]
[TimeControl "180+2"]
[Date "2023.04.18"]
[WhiteClock "0:00:03"]
[BlackClock "0:00:29"]

1. e4 c5 2. d4 cxd4 3. Qxd4 Nc6 4. Qd3 d6 5. Nc3 Nf6 6. Nf3 Bg4 7. Be2 e6 8. Bf4 Be7 9. O-O-O e5 10. Bg5 O-O 11. Bxf6 Bxf6 12. Qxd6 Qa5 13. Rd5 Qb6 14. Qc5 Qc7 15. Nb5 Qc8 16. Nd6 Qc7 17. Nb5 Qc8 18. Nd6 Qb8 19. c3 Be7 20. Rhd1 Be6 21. R5d2 Bxa2 22. Qb5 Qc7 23. Nxb7 Be6 24. Nc5 Bg4 25. Qd3 Bxc5 26. Qd5 Bxf2 27. Bb5 Be3 28. Qxc6 Qa5 29. Kc2 Bxf3 30. gxf3 Bxd2 31. Rxd2 Rac8 32. Qd5 Rcd8 33. Qxe5 Rxd2+ 34. Kxd2 a6 0-1


[Site "https://www.chess.com"]

[Event "Titled Tuesday Blitz April 18 Late 2023"]
[White "Pein, Jonathan"]
[Black "Mendez Fortes, Eduardo Jesus"]
[WhiteFideId "417092"]
[BlackFideId "3502376"]
[WhiteElo "2151"]
[BlackElo "2307"]
[Result "0-1"]
[Round "03"]
[TimeControl "180+2"]
[Date "2023.04.18"]
[WhiteClock "0:00:17"]
[BlackClock "0:00:43"]

1. e4 c5 2. Nf3 d6 3. d4 cxd4 4. Nxd4 Nf6 5. Nc3 a6 6. g3 e5 7. Nb3 Be7 8. Bg5 Be6 9. Bg2 O-O 10. O-O Qc7 11. a4 Rc8 12. Qd2 Nc6 13. Rfd1 Nb4 14. Rac1 Qb6 15. a5 Qc7 16. Bxf6 Bxf6 17. Qxd6 Qxd6 18. Rxd6 Bg5 19. Nd2 Rd8 20. Rxd8+ Rxd8 21. f4 exf4 22. Nf3 Bh6 23. gxf4 Bxf4 24. Rd1 Rxd1+ 25. Nxd1 Nxc2 26. e5 Ne3 27. Nxe3 Bxe3+ 28. Kf1 Bd5 29. Ke2 Bc5 30. Bh3 Bb4 31. Nd4 Bxa5 32. Nf5 Kf8 33. Nd6 Bc7 34. Bc8 Ke7 35. Nf5+ Kd8 36. Bxb7 Bxb7 37. Nxg7 Bxe5 38. Nh5 Ke7 39. h4 Ke6 40. Ke3 Kf5 41. b4 Kg4 42. Ng7 0-1


[Site "https://www.chess.com"]

[Event "Titled Tuesday Blitz April 18 Late 2023"]
[White "Gonzalez, Francisco Silva"]
[Black "Adla, Diego"]
[WhiteFideId "1512285"]
[BlackFideId "100072"]
[WhiteElo "2074"]
[BlackElo "2377"]
[Result "0-1"]
[Round "03"]
[TimeControl "180+2"]
[Date "2023.04.18"]
[WhiteClock "0:01:09"]
[BlackClock "0:01:21"]

1. d4 Nf6 2. c4 e6 3. Nc3 Bb4 4. a3 Bxc3+ 5. bxc3 O-O 6. e3 c5 7. Bd3 Nc6 8. e4 e5 9. d5 Ne7 10. Nf3 d6 11. Bg5 Ng6 12. Nh4 h6 13. Nxg6 fxg6 14. Bh4 g5 15. Bg3 Bg4 16. Be2 Qd7 17. h3 Bxe2 18. Qxe2 a6 19. h4 g4 20. h5 b5 21. Rh4 bxc4 22. Qxc4 Qb5 23. Qxb5 axb5 24. f3 gxf3 25. gxf3 Ra4 26. Kd2 b4 27. Kc2 bxa3 28. Kb3 Rfa8 29. Ra2 R4a6 30. Be1 Rb6+ 31. Kc2 Ne8 32. Bd2 Nc7 33. Rg4 Kh7 34. Rg1 Nb5 35. Rb1 Rab8 36. Rba1 c4 37. Bc1 Ra6 38. Rb1 Rab6 39. Rba1 g6 40. hxg6+ Kxg6 41. f4 exf4 42. Bxf4 Rf8 43. Be3 Rb7 44. Rg1+ Kh7 45. Rh1 Rf6 46. Raa1 Rg6 47. Rh2 Re7 48. Rb1 a2 49. Ra1 Rxe4 50. Bd2 Nc7 51. Rxa2 Nxd5 52. Ra6 Ree6 53. Ra7+ Ne7 54. Bf4 d5 55. Rd7 Kg8 56. Kb2 Kf7 57. Ka3 Ke8 58. Rxe7+ Kxe7 59. Kb4 Ref6 60. Be5 Rf5 61. Bd4 h5 62. Kc5 Rg4 63. Re2+ Kf7 64. Kd6 Rxd4 65. Rc2 Rd3 0-1


[Site "https://www.chess.com"]

[Event "Titled Tuesday Blitz April 18 Late 2023"]
[White "Espinosa, Pedro"]
[Black "Ramirez Vido, Robert Yorisan"]
[WhiteFideId "30921066"]
[BlackFideId "3513823"]
[WhiteElo "2016"]
[BlackElo "2403"]
[Result "1-0"]
[Round "03"]
[TimeControl "180+2"]
[Date "2023.04.18"]
[WhiteClock "0:00:57"]
[BlackClock "0:00:16"]

1. d4 g6 2. e4 d6 3. Nf3 Nf6 4. Nc3 Bg7 5. Be2 O-O 6. O-O e5 7. dxe5 dxe5 8. Qxd8 Rxd8 9. Bg5 Re8 10. Nd5 Nxd5 11. exd5 e4 12. Nd2 Bxb2 13. Rab1 Bc3 14. Nc4 Nd7 15. Rb3 Bf6 16. Bf4 Ne5 17. Nxe5 Bxe5 18. Bxe5 Rxe5 19. c4 b6 20. Re3 f5 21. f4 Re7 22. Rc1 Ba6 23. Kf2 Rd7 24. h4 h5 25. Rb1 Rc8 26. Ra3 Bb7 27. Rxa7 Rb8 28. Ke3 Kf7 29. a4 Ke7 30. a5 Kd6 31. axb6 cxb6 32. Rxb6+ Kc7 33. Rxg6 Ra8 34. Rxa8 Bxa8 35. Bxh5 Rh7 36. Rg5 Kd6 37. Kd4 Ra7 38. c5+ 1-0


[Site "https://www.chess.com"]

[Event "Titled Tuesday Blitz April 18 Late 2023"]
[White "KorolDimitriy75"]
[Black "Leiva, Gianmarco"]
[BlackFideId "3804399"]
[WhiteElo "2400"]
[BlackElo "2345"]
[Result "0-1"]
[Round "03"]
[TimeControl "180+2"]
[Date "2023.04.18"]
[WhiteClock "0:00:01"]
[BlackClock "0:00:09"]

1. d4 Nf6 2. c4 e6 3. Nc3 Bb4 4. Qc2 O-O 5. e4 d6 6. e5 dxe5 7. dxe5 Nfd7 8. Nf3 Nc6 9. Bf4 h6 10. Rd1 Qe7 11. Be2 b6 12. O-O Bb7 13. Rfe1 Rfd8 14. Bg3 Nf8 15. h3 Ng6 16. Bd3 Qe8 17. Be4 Na5 18. Bxb7 Nxb7 19. Rxd8 Rxd8 20. Rd1 Bxc3 21. Rxd8 Qxd8 22. Qxc3 Nc5 23. b3 Ne4 24. Qe1 Nxg3 25. fxg3 Qd3 26. Kh2 a5 27. Qf2 a4 28. Qb2 Qe4 29. Qc3 a3 30. Qb4 Nxe5 31. Nxe5 Qxe5 32. Qxa3 h5 33. Qe7 g5 34. h4 gxh4 35. Qxh4 Kg7 36. Qe7 Qa5 37. a4 Qc3 38. Qxc7 Qxb3 39. Qe5+ Kg6 40. Qe4+ Kh6 41. Qf4+ Kg7 42. Qe5+ Kf8 43. Qd6+ Kg8 44. Qd8+ Kh7 45. Qf6 Kg8 0-1


[Site "https://www.chess.com"]

[Event "Titled Tuesday Blitz April 18 Late 2023"]
[White "Di Berardino, Diego Rafael"]
[Black "Yeritsyan, Hayk"]
[WhiteFideId "2105446"]
[BlackFideId "13307320"]
[WhiteElo "2432"]
[BlackElo "2398"]
[Result "0-1"]
[Round "03"]
[TimeControl "180+2"]
[Date "2023.04.18"]
[WhiteClock "0:00:09"]
[BlackClock "0:00:12"]

1. e4 c6 2. d4 d5 3. exd5 cxd5 4. Nf3 Nf6 5. Ne5 Nc6 6. Bb5 Bd7 7. Nxd7 Qxd7 8. c3 e6 9. O-O Bd6 10. Nd2 Qc7 11. Nf3 O-O 12. Re1 Ne4 13. Bd3 f5 14. Qe2 a6 15. h3 b5 16. a3 h6 17. Nd2 Rae8 18. Nf1 Qb6 19. f3 Ng3 20. Qf2 Nxf1 21. Bxf1 f4 22. b4 e5 23. dxe5 Qxf2+ 24. Kxf2 Nxe5 25. a4 Nc4 26. Rxe8 Rxe8 27. axb5 axb5 28. Ra6 Bc7 29. Bxc4 dxc4 30. h4 Be5 31. Bd2 Rd8 32. Ke2 Rd3 33. Rb6 Rd5 34. Be1 Kf7 35. Rb7+ Ke6 36. Rb6+ Kf5 37. h5 Bf6 38. Bd2 Kg5 39. g4 Re5+ 40. Kd1 Rd5 41. Kc2 Re5 42. Kd1 Rd5 43. Kc2 Kh4 44. Bxf4 Kh3 45. Rd6 Rxd6 46. Bxd6 Kg2 47. f4 Kf3 48. Be5 Kxg4 49. Bd6 Kxh5 50. Kd2 Kg4 51. Ke3 Kf5 52. Kf3 h5 53. Bc5 Bxc3 54. Bf2 Bxb4 55. Bd4 g6 56. Be5 Bd2 57. Ke2 Bxf4 0-1


[Site "https://www.chess.com"]

[Event "Titled Tuesday Blitz April 18 Late 2023"]
[White "Danielyan, Vahe"]
[Black "Tymrakiewicz, Rafal"]
[WhiteFideId "13304828"]
[BlackFideId "1108832"]
[WhiteElo "2423"]
[BlackElo "2151"]
[Result "1-0"]
[Round "03"]
[TimeControl "180+2"]
[Date "2023.04.18"]
[WhiteClock "0:00:04"]
[BlackClock "0:00:02"]

1. e4 Nf6 2. e5 Nd5 3. c4 Nb6 4. d4 d6 5. f4 dxe5 6. fxe5 c5 7. d5 e6 8. Nc3 exd5 9. cxd5 c4 10. Nf3 Bc5 11. Bg5 f6 12. Bh4 O-O 13. Qd2 Bg4 14. O-O-O Na6 15. Be2 Qe8 16. Rhe1 Qh5 17. Bg3 Rad8 18. a3 fxe5 19. Nxe5 Bxe2 20. Qxe2 Qg5+ 21. Kb1 Bd6 22. Nf3 Qg6+ 23. Qe4 Nc5 24. Qxg6 hxg6 25. Bxd6 Rxd6 26. Ne5 Rfd8 27. Nb5 Rxd5 28. Rxd5 Rxd5 29. Nxg6 Rd2 30. Ne7+ Kh7 31. Re5 Rxb2+ 32. Ka1 Kh6 33. Rxc5 Rxg2 34. Nxa7 Rxh2 35. Nf5+ Kh7 36. Rb5 Na4 37. Rxb7 Rf2 38. Nxg7 Kg6 39. Ne6 c3 40. Nd4 Nc5 41. Rb6+ Kh7 42. Rc6 Rf1+ 43. Ka2 Rf2+ 44. Kb1 Rb2+ 45. Ka1 Nb3+ 46. Nxb3 Rxb3 47. Nc8 Rxa3+ 48. Kb1 Ra8 49. Nd6 Rg8 50. Rxc3 Rg1+ 51. Kc2 Rg2+ 52. Kb3 Kg8 53. Rc7 Kf8 54. Kb4 Rd2 55. Kc5 Rc2+ 56. Nc4 Ke8 57. Kd5 Kd8 58. Rh7 Rc1 59. Kc5 Ke8 60. Kd5 Kd8 61. Ne5 Rd1+ 62. Ke6 Kc8 63. Nf7 Kb7 64. Nd6+ Kb6 65. Rh4 Re1+ 66. Ne4 Re2 67. Kd5 Kb7 68. Rh6 Kc8 69. Kc6 Rc2+ 70. Kd6 Kb8 71. Nc5 Rd2+ 72. Kc6 Ka7 73. Rh8 1-0


[Site "https://www.chess.com"]

[Event "Titled Tuesday Blitz April 18 Late 2023"]
[White "Fernandez Garcia, Gumersindo"]
[Black "Sabuk, Piotr"]
[WhiteFideId "24516740"]
[BlackFideId "1137565"]
[WhiteElo "2093"]
[BlackElo "2298"]
[Result "0-1"]
[Round "03"]
[TimeControl "180+2"]
[Date "2023.04.18"]
[WhiteClock "0:00:10"]
[BlackClock "0:00:16"]

1. d4 Nf6 2. c4 e6 3. Nf3 d5 4. g3 Be7 5. Bg2 O-O 6. Qc2 c5 7. dxc5 d4 8. O-O Bxc5 9. a3 a5 10. Bf4 Nc6 11. Nbd2 Qe7 12. Ne5 Nxe5 13. Bxe5 Nd7 14. Nf3 Nxe5 15. Nxe5 Rd8 16. Nf3 e5 17. Rfd1 Bg4 18. h3 Bh5 19. Nh4 Rac8 20. Be4 Bg6 21. Nxg6 hxg6 22. Qd3 b5 23. cxb5 f5 24. Bc6 e4 25. Qc4+ Kh7 26. Rac1 Bb6 27. h4 Qe5 28. Kg2 d3 29. exd3 Rd4 30. Qc3 exd3 31. Rxd3 Rxc6 32. Qxc6 Rxd3 33. Qxb6 Qd5+ 34. Kh2 Rd2 35. Qc5 Qxc5 36. Rxc5 Rxf2+ 37. Kg1 Rxb2 38. a4 Kh6 39. Rc6 Rb4 40. Rc3 Kh5 41. Kg2 Kg4 42. Ra3 Rb2+ 43. Kg1 g5 44. hxg5 Kxg5 45. Rc3 Kg4 46. Rc7 g5 47. Rc3 Rb4 48. b6 Rxb6 49. Rc5 Rb1+ 50. Kg2 Rb2+ 51. Kf1 Rb3 52. Rxa5 Rf3+ 53. Ke2 Rxg3 54. Rb5 Ra3 55. Rb4+ f4 56. Rc4 Kg3 57. Kf1 g4 58. Rb4 f3 59. Rb1 Rxa4 60. Rc1 Ra2 61. Kg1 Rg2+ 62. Kh1 Rh2+ 63. Kg1 f2+ 64. Kf1 Rh1+ 65. Ke2 0-1


[Site "https://www.chess.com"]

[Event "Titled Tuesday Blitz April 18 Late 2023"]
[White "Ambartsumova, Karina"]
[Black "Gonzalez Zamora, Juan Carlos"]
[WhiteFideId "4166299"]
[BlackFideId "3507548"]
[WhiteElo "2240"]
[BlackElo "2535"]
[Result "1/2-1/2"]
[Round "03"]
[TimeControl "180+2"]
[Date "2023.04.18"]
[WhiteClock "0:00:05"]
[BlackClock "0:00:05"]

1. e4 d6 2. d4 Nf6 3. Nc3 e5 4. f4 exf4 5. Bxf4 Be7 6. Nf3 O-O 7. Bd3 c6 8. O-O Bg4 9. Qe1 Qb6 10. Be3 Na6 11. e5 Nd5 12. Nxd5 cxd5 13. exd6 Qxd6 14. Ne5 Bh5 15. Qg3 Bg6 16. Bxg6 hxg6 17. c3 Bf6 18. Bf4 Bxe5 19. Bxe5 Qd7 20. h4 f6 21. Bf4 Qf7 22. Rae1 Rfe8 23. Qf3 Rad8 24. Kh2 Nb8 25. Re3 Rxe3 26. Bxe3 Nc6 27. Re1 Re8 28. Bf2 Rxe1 29. Bxe1 Qe6 30. Bg3 Ne7 31. Qf4 Kh7 32. Bf2 Nf5 33. Qf3 Nd6 34. Be3 Nc4 35. Bc1 Nd6 36. Qe3 Ne4 37. b3 g5 38. hxg5 fxg5 39. c4 Kg6 40. Qd3 Qd6+ 41. Kg1 Kf7 42. Bd2 g4 43. Be1 Nf6 44. Bg3 dxc4 45. bxc4 Qb4 46. d5 Qb2 47. Kh2 Qc1 48. d6 Qh6+ 49. Kg1 Qc1+ 50. Kf2 Qb2+ 51. Qe2 Qxe2+ 52. Kxe2 Ke6 53. Kd3 Nd7 54. Kd4 b6 55. a3 Nc5 56. Bf4 g6 57. g3 Nb7 58. Ke4 Nxd6+ 59. Kd4 Nf5+ 60. Kc3 Nd6 61. Kd4 Nb7 62. Kc3 Nc5 63. Kd4 Kf5 64. Kd5 g5 65. Bb8 Ne4 66. Bxa7 Nxg3 67. Kd4 Ne2+ 68. Ke3 Nf4 69. Bxb6 Ke6 70. Bc7 g3 71. Kf3 g2 72. Kf2 Nd3+ 73. Kxg2 Nc5 74. Bb6 Na4 75. Be3 Kd6 76. Kg3 Nb2 77. Bxg5 Nxc4 78. Bc1 Nxa3 1/2-1/2


[Site "https://www.chess.com"]

[Event "Titled Tuesday Blitz April 18 Late 2023"]
[White "Lizak, Peter"]
[Black "Liu, Casper"]
[WhiteFideId "731595"]
[BlackFideId "1454153"]
[WhiteElo "2420"]
[BlackElo "2221"]
[Result "1-0"]
[Round "03"]
[TimeControl "180+2"]
[Date "2023.04.18"]
[WhiteClock "0:00:15"]
[BlackClock "0:00:09"]

1. d4 Nf6 2. Nc3 c5 3. d5 e5 4. e4 d6 5. Bb5+ Nbd7 6. a4 Be7 7. Nf3 O-O 8. O-O h6 9. Nd2 a6 10. Be2 Re8 11. Nc4 Nf8 12. a5 Rb8 13. h3 g5 14. Be3 Ng6 15. Nb6 Nf4 16. Nxc8 Qxc8 17. Bg4 Nxg4 18. Qxg4 h5 19. Qxc8 Rexc8 20. Na4 Bd8 21. Nc3 b5 22. axb6 Rxb6 23. Na4 Rb4 24. f3 h4 25. Bd2 Rb7 26. Ra2 Ne2+ 27. Kf2 Nd4 28. Rc1 Rcb8 29. Be3 f6 30. Bxd4 cxd4 31. Ke2 Rb5 32. b3 Rc8 33. Nb2 Rxb3 34. cxb3 Rxc1 35. Nc4 Rc3 36. Rxa6 Kf8 37. Nxd6 Rxb3 38. Ra8 Ke7 39. Nf5+ Kd7 40. Ra7+ Kc8 41. d6 d3+ 42. Kd1 Kb8 43. Ra4 Kb7 44. Ne7 Kb6 45. Ra8 Kc5 46. Rxd8 Kd4 47. Nf5+ Kc3 48. Rc8+ Kb2 49. d7 Ra3 50. d8=Q 1-0


[Site "https://www.chess.com"]

[Event "Titled Tuesday Blitz April 18 Late 2023"]
[White "Marcziter, Dmitrii"]
[Black "Suder, Jakub"]
[WhiteFideId "13900765"]
[BlackFideId "1195310"]
[WhiteElo "2162"]
[BlackElo "2287"]
[Result "0-1"]
[Round "03"]
[TimeControl "180+2"]
[Date "2023.04.18"]
[WhiteClock "0:00:46"]
[BlackClock "0:02:08"]

1. d4 d5 2. c4 e6 3. Nc3 a6 4. cxd5 exd5 5. Qc2 c6 6. Nf3 Bd6 7. g3 Ne7 8. Bg2 O-O 9. O-O Nd7 10. a3 Nf6 11. Ne5 Bf5 12. Qb3 Qc7 13. Bf4 Ng6 14. Nxg6 Bxg6 15. Bxd6 Qxd6 16. Qxb7 Rfb8 17. Qxb8+ Rxb8 18. b4 h5 19. h3 Re8 20. e3 h4 21. g4 Ne4 22. Rac1 Nd2 23. Rfd1 Nc4 24. Ra1 f5 25. gxf5 Bxf5 26. Rdc1 Re6 27. Kh1 Rg6 28. Rg1 Qe6 29. Kh2 Nd2 30. Rad1 Ne4 31. Bxe4 Bxe4 32. Rxg6 Qxg6 33. Rg1 Qf5 34. f4 Bf3 35. Rc1 Qd3 0-1


[Site "https://www.chess.com"]

[Event "Titled Tuesday Blitz April 18 Late 2023"]
[White "Janaszak, Dawid"]
[Black "Ansh M Shah"]
[WhiteFideId "1119206"]
[BlackFideId "25033379"]
[WhiteElo "2220"]
[BlackElo "2084"]
[Result "0-1"]
[Round "03"]
[TimeControl "180+2"]
[Date "2023.04.18"]
[WhiteClock "0:00:48"]
[BlackClock "0:00:28"]

1. e4 c6 2. d4 d5 3. exd5 cxd5 4. Bd3 Nc6 5. c3 Nf6 6. Bf4 Bg4 7. Qb3 Qd7 8. Nd2 e6 9. Ngf3 Bd6 10. Bxd6 Qxd6 11. O-O O-O 12. Rae1 Ne7 13. Ne5 Bf5 14. Bxf5 Nxf5 15. g4 Ne7 16. Re3 b5 17. h3 Rab8 18. a3 a5 19. Kg2 b4 20. cxb4 axb4 21. a4 Nc6 22. Ndf3 Na5 23. Qd1 Nc4 24. Re2 b3 25. Qd3 Rfc8 26. Ng5 Rc7 27. Ra1 h6 28. Ngf3 Qb4 29. g5 hxg5 30. Nxg5 Ra8 31. Qg3 Nxe5 32. dxe5 Nh5 33. Qf3 Nf4+ 34. Kh1 Nxe2 35. Qh5 Rxa4 36. Rd1 Qh4 37. Qxe2 Qxg5 38. Qb5 Rac4 39. Qxb3 Qxe5 40. Rg1 Qe4+ 41. Kh2 Qf4+ 42. Rg3 Qxf2+ 43. Rg2 Qf4+ 44. Kh1 Rc1+ 0-1


[Site "https://www.chess.com"]

[Event "Titled Tuesday Blitz April 18 Late 2023"]
[White "EsmeraldasAnderson03"]
[Black "Koellner, Ruben Gideon"]
[BlackFideId "12993093"]
[WhiteElo "2374"]
[BlackElo "2314"]
[Result "0-1"]
[Round "03"]
[TimeControl "180+2"]
[Date "2023.04.18"]
[WhiteClock "0:00:29"]
[BlackClock "0:01:49"]

1. d4 d6 2. e4 Nf6 3. Bd3 e5 4. Ne2 Nbd7 5. O-O exd4 6. Nxd4 Be7 7. f4 O-O 8. Kh1 Re8 9. Nc3 Bf8 10. Qf3 a6 11. a3 Rb8 12. b4 c5 13. Nf5 b5 14. Re1 c4 15. Bf1 Bb7 16. g4 Nxe4 17. Nxe4 Nf6 18. Nfg3 Nxe4 19. Nxe4 d5 20. Ng3 Rxe1 21. Qf2 d4+ 22. Kg1 Qe7 23. f5 Re8 24. Qe2 Rxe2 0-1


[Site "https://www.chess.com"]

[Event "Titled Tuesday Blitz April 18 Late 2023"]
[White "Davidson, Kevin"]
[Black "Martinez Reyes, Pedro Ramon"]
[WhiteFideId "2056810"]
[BlackFideId "3901807"]
[WhiteElo "2151"]
[BlackElo "2340"]
[Result "0-1"]
[Round "03"]
[TimeControl "180+2"]
[Date "2023.04.18"]
[WhiteClock "0:00:02"]
[BlackClock "0:00:50"]

1. e4 e6 2. d4 d5 3. Nc3 dxe4 4. Nxe4 Bd7 5. c4 Bc6 6. Nc3 Nf6 7. Nf3 Bxf3 8. Qxf3 Nc6 9. Be3 Bb4 10. Rd1 Qe7 11. Be2 O-O 12. O-O Rad8 13. Ne4 Nxe4 14. Qxe4 f5 15. Qf4 Bd6 16. Qg5 f4 17. Qxe7 Bxe7 18. Bc1 Nxd4 19. Bg4 e5 20. Rfe1 Bf6 21. b4 g6 22. Bb2 Nc2 23. Rxd8 Rxd8 24. Rb1 Nxb4 25. Bxe5 Bxe5 26. Rxb4 b6 27. Ra4 a5 28. c5 h5 29. Bf3 Kg7 30. cxb6 cxb6 31. g3 fxg3 32. hxg3 Bd4 33. Kg2 Bc5 34. Re4 Rd2 35. Re2 Rd3 36. Be4 Rd4 37. f4 Kf6 38. Kf3 Ra4 39. Bd5 Ra3+ 40. Kg2 Be3 41. Bb3 Bc5 42. Bd5 Rc3 43. Re6+ Kg7 44. Re2 a4 45. Be6 Rd3 46. Kf1 Rxg3 47. f5 Rg1# 0-1


[Site "https://www.chess.com"]

[Event "Titled Tuesday Blitz April 18 Late 2023"]
[White "Krishnan, Varun"]
[Black "micke12a"]
[WhiteFideId "5054508"]
[WhiteElo "2603"]
[BlackElo "2369"]
[Result "1-0"]
[Round "03"]
[TimeControl "180+2"]
[Date "2023.04.18"]
[WhiteClock "0:00:39"]
[BlackClock "0:00:03"]

1. d4 d5 2. c4 c6 3. Nc3 Nf6 4. e3 e6 5. Nf3 Nbd7 6. Qc2 Bd6 7. g4 e5 8. g5 exd4 9. gxf6 dxc3 10. fxg7 Rg8 11. Qxc3 Qe7 12. Bd2 dxc4 13. Bxc4 b5 14. Bd3 Bb7 15. Bxh7 O-O-O 16. Bxg8 Rxg8 17. Nd4 c5 18. Nxb5 Bxh1 19. O-O-O Bb7 20. Nxa7+ Kb8 21. Nb5 Be5 22. Qa5 Qf6 23. Bc3 Bxc3 24. Qc7+ Ka8 25. bxc3 Nb8 26. Rd6 Qxf2 27. Qa5+ Na6 28. Rxa6+ Bxa6 29. Qxa6+ 1-0


[Site "https://www.chess.com"]

[Event "Titled Tuesday Blitz April 18 Late 2023"]
[White "cryptoguru02"]
[Black "Buchenau, Frank"]
[BlackFideId "4604350"]
[WhiteElo "2601"]
[BlackElo "2157"]
[Result "1-0"]
[Round "03"]
[TimeControl "180+2"]
[Date "2023.04.18"]
[WhiteClock "0:02:29"]
[BlackClock "0:02:33"]

1. d4 e6 2. c4 Nf6 3. Nc3 Bb4 4. Qc2 c5 5. dxc5 O-O 6. Nf3 Na6 7. g3 Nxc5 8. Bg2 Nce4 9. O-O Nxc3 10. bxc3 Be7 11. e4 d6 12. e5 dxe5 13. Nxe5 Qc7 14. Bf4 Nh5 15. Ng6 Nxf4 16. Nxf8 Nxg2 17. Qxh7+ Kxf8 18. Qh8# 1-0


[Site "https://www.chess.com"]

[Event "Titled Tuesday Blitz April 18 Late 2023"]
[White "Schuster, Karsten"]
[Black "Sokolovsky, Yahli"]
[WhiteFideId "4611071"]
[BlackFideId "2820242"]
[WhiteElo "2294"]
[BlackElo "2316"]
[Result "0-1"]
[Round "03"]
[TimeControl "180+2"]
[Date "2023.04.18"]
[WhiteClock "0:00:05"]
[BlackClock "0:00:09"]

1. d4 d6 2. c4 g6 3. Nc3 Bg7 4. e4 Nf6 5. Be2 Nbd7 6. Bg5 c5 7. d5 h6 8. Bf4 O-O 9. Qd2 Kh7 10. h3 b5 11. cxb5 a6 12. a4 axb5 13. Bxb5 Ba6 14. Bxa6 Rxa6 15. f3 Qa8 16. Nge2 Rb8 17. O-O Nb6 18. b3 Nfd7 19. Nb5 Rb7 20. Rac1 c4 21. Ned4 Nc5 22. bxc4 Rxa4 23. Kh1 Nxc4 24. Qe2 Ne5 25. Rb1 Ned3 26. Be3 Ra2 27. Qd1 Qa6 28. Nc3 Ra3 29. Rxb7 Qxb7 30. Ncb5 Ra2 31. Qb1 Rb2 32. Qd1 Rxb5 33. Nxb5 Qxb5 34. Bxc5 dxc5 35. f4 Bd4 36. Qf3 c4 37. e5 f5 38. d6 exd6 39. exd6 c3 40. d7 Bf6 41. Qe3 Qxd7 42. Ra1 c2 43. Ra7 c1=Q+ 44. Qxc1 Qxa7 45. Qc6 Nxf4 46. Qxf6 Nh5 47. Qd6 Ng7 48. Kh2 Qf7 49. h4 Qe6 50. Qc7 h5 51. g3 Qf6 52. Kh3 Qb2 53. Qf7 Qe2 54. Qf8 Qg4+ 55. Kh2 f4 56. gxf4 Qxh4+ 57. Kg2 Qg4+ 58. Kh2 h4 59. Qf7 h3 60. Qd5 Qxf4+ 61. Kxh3 Qf5+ 62. Qxf5 Nxf5 0-1


[Site "https://www.chess.com"]